 Dungeon Sprint DCSS version 0.27.1 (webtiles) character file.

Game seed: 9412567007669221505

6514 styxcanada the Imperceptible (level 10, 0/52 HPs)
             Began as a Spriggan Brigand on Aug 22, 2021.
             Was an Initiate of Gozag.
             Slain by Agnes (27 damage)
             ... in the Dungeon (Sprint IV: "Fedhas' Mad Dash").
             The game lasted 00:09:43 (1132 turns).

styxcanada the Imperceptible (Spriggan Brigand)     Turns: 1132, Time: 00:09:43

Health: 0/52       AC:  3    Str:  7    XL:     10   Next: 69%
Magic:  13/15      EV: 19    Int: 12    God:    Gozag
Gold:   1832       SH:  0    Dex: 21    Spells: 11/14 levels left

rFire    + . .     SeeInvis +   u - +8 rapier of Coph {freeze, Fly rC- rN+ rCorr}
rCold    x . .     Faith    .   (shield restricted)
rNeg     + . .     Spirit   .   b - +0 robe
rPois    .         Reflect  .   (helmet restricted)
rElec    .         Harm     .   c - +0 cloak
rCorr    +         Rampage  .   (gloves unavailable)
Will     +....     NoTele   +   (boots unavailable)
Stlth    +++++++++.             m - amulet of invisibility {+Inv}
HPRegen  0.17/turn              s - ring of protection from fire
MPRegen  0.14/turn              (no ring)

@: lethally poisoned (0 -> -20), gold aura, flying, very slightly contaminated,
invisible, very quick
A: very small, no large weapons, unfitting armour, see invisible, speed 3
a: Renounce Religion, Evoke Invisibility, Potion Petition, Call Merchant, Bribe
Branch


You were in the Dungeon.
You worshipped Gozag.
Gozag was most pleased with you.
You visited 1 branch You collected 2252 gold pieces.
You spent 420 gold pieces at shops.

Inventory:

Hand Weapons
 a - a +2 dagger
 t - the +4 short sword "Judghics" {pain, rPois Dex+2 SInv}
   (You bought it in a shop in the Dungeon)

   In the hands of one skilled in necromantic magic, it inflicts extra damage on
   living creatures.
   Dex:       It affects your dexterity (+2).
   rPois:     It protects you from poison.
   SInv:      It lets you see invisible.
 u - the +8 rapier of Coph (weapon) {freeze, Fly rC- rN+ rCorr}
   (You bought it in a shop in the Dungeon)

   It freezes those it strikes, dealing additional cold damage.
   It can also slow down cold-blooded creatures.
   rC:        It makes you vulnerable to cold.
   rN:        It protects you from negative energy.
   Fly:       It grants you flight.
   rCorr:     It protects you from acid and corrosion.
Missiles
 d - 5 poisoned darts (quivered)
 e - a curare-tipped dart
 q - 25 sling bullets
 r - 45 stones
Armour
 b - a +0 robe (worn)
 c - a +0 cloak (worn)
Jewellery
 m - the amulet of invisibility (around neck) {+Inv}
   (You found it in the Dungeon)

   [amulet of nothing]

   +Inv:      It lets you turn invisible.
 s - a ring of protection from fire (left hand)
Scrolls
 k - a scroll of blinking
 l - a scroll of fog
 n - a scroll of silence
 o - 3 scrolls of identify
Potions
 f - a potion of curing
 g - a potion of heal wounds
 h - a potion of haste
 i - 2 potions of magic
 j - 2 potions of berserk rage
 p - a potion of might


   Skills:
 * Level 5.6 Fighting
 + Level 9.2 Short Blades
 + Level 9.3 Throwing
 * Level 4.1 Dodging
 * Level 25.0 Stealth
 * Level 2.8 Spellcasting
 * Level 2.8 Hexes
 * Level 13.9 Evocations


You had 11 spell levels left.
You knew the following spells:

 Your Spells              Type           Power      Damage    Failure   Level
a - Tukima's Dance        Hex            8%         N/A       22%         3

Your spell library contained the following spells:

 Spells                   Type           Power      Damage    Failure   Level
 Sublimation of Blood     Necr           0%         N/A       36%         2
 Wereblood                Tmut           1%         N/A       36%         2
 Passage of Golubria      Tloc           N/A        N/A       94%         4
 Yara's Violent Unravell  Hex/Tmut       2%         3d3       98%         5
 Summon Hydra             Summ           0%         N/A       100%        7


Dungeon Overview and Level Annotations

Branches:
Dungeon (1/1)

Altars:
Cheibriados
Dithmenos
Elyvilon
Gozag
Hepliaklqana
Kikubaaqudgha
Makhleb
Nemelex Xobeh
Okawaru
Qazlal
Ru
Sif Muna
Trog
Uskayaw
Vehumet
Wu Jian
Xom
Yredelemnul
Zin
The Shining One
Beogh
Jiyva
Lugonu

Shops:
D *!::(?(

Annotations:
D Agnes


Innate Abilities, Weirdness & Mutations

You are very small and have problems with some larger weapons.
You are too small for most types of armour.
You have supernaturally acute eyesight. (SInv)
You cover ground extremely quickly. (Speed+++)


Message History

u - the +8 rapier of Coph (weapon)
{freeze, Fly rC- rN+ rCorr}
Okay, then.
You flicker back into view.
You start resting.
Magic restored.
There is an open door here.
There is an open door here.
There is an open door here.
You fade into invisibility!
You reach down and open the door.
Agnes the Wanderer comes into view.
She is wielding a +5 lajatang of venom.
There is an open door here.
A spriggan berserker comes into view. It is wielding a +0 quarterstaff.
Found Xiokkie's Book Emporium.
Agnes shouts!
You miss Agnes.
Agnes hits you with a +5 lajatang of venom!
You are poisoned.
You feel very sick.
Agnes hits you with a +5 lajatang of venom!!
You are lethally poisoned!
* * * LOW HITPOINT WARNING * * *
You feel very sick.
* * * LOW HITPOINT WARNING * * *
You feel very sick.
The helpless spriggan berserker fails to defend itself.
You spit the spriggan berserker like a pig!!!!!
You freeze the spriggan berserker!
You kill the spriggan berserker!
* * * LOW HITPOINT WARNING * * *
You feel very sick. Agnes barely misses you. x2
Your Dodging skill increases to level 4!
Your Stealth skill increases to level 25!
You feel much better.
You feel very sick.
Agnes hits you with a +5 lajatang of venom!!
Ouch! That really hurt!
You die...
Your body crumbles into a pile of gold.

#'##.._._._._._..#.)##∩∩.'...####
...#._._._._._.⌠.################
...###################......###..
####♣♣♣♣♣..♣[###.'..'.......'.'..
.['......♣..♣##..#..#.P.....#####
..#♣..♣♣♣.♣).###.##'##.P....#
..#.♣♣..♣...♣'...#♣.♣########
##################.....#
#@i♣..♣....# #.$.♣......♣..
........♣.....∩.
..################


$$$$ You could see Agnes.

Vanquished Creatures
  A spriggan berserker (D)
  A spriggan druid (D)
  6 oklob plants (D)
  A demonic crawler (D)
  3 burning bushes (D)
  3 wandering mushrooms (D)
  A queen bee (D)
  A hornet (D)
  3 scorpions (D)
  4 killer bees (D)
  5 oklob saplings (D)
  5 spriggans (D)
  A river rat (D)
  A rat (D)
  A ballistomycete spore (D)
37 creatures vanquished.

Vanquished Creatures (others)
  A fungus (D)
1 creature vanquished.

Grand Total: 38 creatures vanquished

Notes
Turn   | Place    | Note
-------+----------+-------------------------------------------
     0 | D        | styxcanada the Spriggan Brigand began the quest for the
                  | Orb.
     0 | D        | Reached XP level 1. HP: 10/10 MP: 2/2
    21 | D        | Reached skill level 8 in Stealth
    21 | D        | Reached XP level 2. HP: 15/15 MP: 3/3
    37 | D        | Noticed an oklob sapling
    39 | D        | Killed an oklob sapling
    40 | D        | Reached skill level 10 in Stealth
    40 | D        | Reached XP level 3. HP: 18/18 MP: 4/4
    41 | D        | Noticed a scorpion
    41 | D        | Found the amulet of invisibility {+Inv}
    43 | D        | Killed a scorpion
    44 | D        | Reached skill level 12 in Stealth
    44 | D        | Reached XP level 4. HP: 23/23 MP: 5/5
    66 | D        | Found an opulent altar of Gozag.
    66 | D        | Found a hazy altar of Hepliaklqana.
    66 | D        | Found a burning altar of Makhleb.
    66 | D        | Found a sparkling altar of Nemelex Xobeh.
    66 | D        | Found a snail-covered altar of Cheibriados.
    66 | D        | Found a sacrificial altar of Ru.
    66 | D        | Found a shimmering blue altar of Sif Muna.
    66 | D        | Found a shimmering altar of Xom.
    66 | D        | Found a basalt altar of Yredelemnul.
    67 | D        | Found a viscous altar of Jiyva.
    67 | D        | Found a bloodstained altar of Trog.
    67 | D        | Found an ornate altar of the Wu Jian Council.
    68 | D        | Found an iron altar of Okawaru.
    68 | D        | Found a shadowy altar of Dithmenos.
    68 | D        | Found a glowing silver altar of Zin.
    69 | D        | Found an ancient bone altar of Kikubaaqudgha.
    69 | D        | Found a hide-covered altar of Uskayaw.
    70 | D        | Found a stormy altar of Qazlal.
    70 | D        | Found a white marble altar of Elyvilon.
    70 | D        | Found a glowing golden altar of the Shining One.
    71 | D        | Became a worshipper of Gozag Ym Sagoz the Greedy
    72 | D        | Found a corrupted altar of Lugonu.
    72 | D        | Found a radiant altar of Vehumet.
    76 | D        | Reached skill level 13 in Stealth
    76 | D        | Reached XP level 5. HP: 27/27 MP: 3/6
   124 | D        | Reached skill level 14 in Stealth
   124 | D        | Reached skill level 1 in Evocations
   170 | D        | Reached skill level 15 in Stealth
   180 | D        | Reached skill level 5 in Throwing
   207 | D        | Reached XP level 6. HP: 22/32 MP: 7/7
   314 | D        | Found Ziylut's Distillery.
   314 | D        | Found Kibaredgh's General Store.
   320 | D        | Bought a potion of berserk rage for 50 gold pieces
   320 | D        | Bought a scroll of identify for 20 gold pieces
   321 | D        | Bought a potion of might for 44 gold pieces
   323 | D        | Noticed a burning bush
   323 | D        | Noticed a wandering mushroom
   324 | D        | Noticed a wandering mushroom
   327 | D        | Killed a burning bush
   328 | D        | Reached skill level 5 in Short Blades
   328 | D        | Reached skill level 17 in Stealth
   328 | D        | Reached XP level 7. HP: 36/36 MP: 5/8
   328 | D        | Killed a wandering mushroom
   329 | D        | Reached skill level 18 in Stealth
   329 | D        | Reached skill level 5 in Evocations
   329 | D        | Killed a wandering mushroom
   330 | D        | Reached skill level 19 in Stealth
   332 | D        | Reached XP level 8. HP: 42/42 MP: 5/9
   344 | D        | Found Unurefar's Book Shoppe.
   345 | D        | Found Fifa's Weapon Emporium.
   418 | D        | Noticed a queen bee
   425 | D        | Killed a queen bee
   427 | D        | Reached skill level 20 in Stealth
   487 | D        | Noticed an oklob plant
   490 | D        | Killed an oklob plant
   491 | D        | Reached skill level 21 in Stealth
   543 | D        | Noticed a burning bush
   546 | D        | Killed a burning bush
   547 | D        | Reached XP level 9. HP: 46/46 MP: 7/10
   592 | D        | Noticed a burning bush
   592 | D        | Noticed an oklob plant
   593 | D        | Noticed a wandering mushroom
   594 | D        | Killed a burning bush
   599 | D        | Killed an oklob plant
   600 | D        | Reached skill level 22 in Stealth
   600 | D        | Reached skill level 10 in Evocations
   603 | D        | Killed a wandering mushroom
   776 | D        | Noticed a spriggan druid
   778 | D        | Killed a spriggan druid
   779 | D        | Reached skill level 23 in Stealth
   897 | D        | Noticed an oklob plant conjurer
   899 | D        | Killed an oklob plant conjurer
   978 | D        | Noticed an oklob plant
   978 | D        | Noticed an oklob plant summoner
   979 | D        | Noticed an oklob plant shifter
   983 | D        | Killed an oklob plant
   984 | D        | Reached skill level 5 in Fighting
   984 | D        | Reached XP level 10. HP: 51/51 MP: 8/11
   985 | D        | Killed an oklob plant summoner
   988 | D        | Killed an oklob plant shifter
   989 | D        | Reached skill level 24 in Stealth
  1010 | D        | Learned a level 3 spell: Tukima's Dance
  1064 | D        | Noticed a spriggan rider
  1065 | D        | Found Bohoame's Magic Scroll Emporium.
  1069 | D        | Reached skill level 1 in Spellcasting
  1069 | D        | Reached skill level 1 in Hexes
  1069 | D        | Found Maolaach's Antique Weapon Shoppe.
  1073 | D        | Killed a spriggan rider
  1100 | D        | Bought a dazzling short sword for 144 gold pieces
  1100 | D        | Identified the +4 short sword "Judghics" {pain, rPois Dex+2
                  | SInv} (You bought it in a shop in the Dungeon)
  1100 | D        | Bought an ebony rapier for 162 gold pieces
  1100 | D        | Identified the +8 rapier of Coph {freeze, Fly rC- rN+
                  | rCorr} (You bought it in a shop in the Dungeon)
  1123 | D        | Noticed Agnes
  1125 | D        | Found Xiokkie's Book Emporium.
  1125 | D        | Noticed a spriggan berserker
  1131 | D        | Killed a spriggan berserker
  1132 | D        | Reached skill level 25 in Stealth
  1132 | D        | Slain by Agnes

Illustrated notes

Levels and vault maps discovered:
D:        dungeon_sprint_fedhas [sprint_temple]

Skill      XL: |  1  2  3  4  5  6  7  8  9 10 |
---------------+-------------------------------+-----
Stealth        | 8 10 12 13 15 17 19 21 23 25 | 25.0
Fighting       | 2 3 4 5 |  5.6
Throwing       | 3 4 5 6 7 8 9 |  9.3
Short Blades   | 3 4 5 6 7 8 9 |  9.2
Evocations     | 3 4 6 8 12 13 | 13.9
Dodging        | 2 4 |  4.1
Spellcasting   | 2 |  2.8
Hexes          | 2 |  2.8

Action                   |  1- 3 |  4- 6 |  7- 9 | 10-12 || total
-------------------------+-------+-------+-------+-------++-------
Melee: Dagger            |     4 |    11 |    19 |     6 ||    40
       Rapier            |       |       |       |     2 ||     2
Throw: Dart              |     9 |     8 |       |       ||    17
 Abil: Evoke Invisibilit |       |     3 |     7 |     2 ||    12
  Use: Scroll            |       |       |     2 |       ||     2
       Potion            |       |       |       |     1 ||     1
 Stab: Sleeping          |     2 |     3 |    17 |     7 ||    29
       Invisible         |       |     1 |     1 |       ||     2
Dodge: Dodged            |     4 |     7 |       |     2 ||    13
